 Dungeon Crawl Stone Soup version 0.29.1-14-g9c671dbff4 (webtiles) character file.

Game seed: 3856450695466967487

53 KittyFluff the Cudgeller (level 3, -5/36 HPs)
             Began as a Gargoyle Berserker on Feb 20, 2023.
             Was a Follower of Trog.
             Killed by nerve-wracking pain
             ... invoked by Jessica
              (6 damage)
             ... on level 2 of the Dungeon.
             The game lasted 00:04:09 (1790 turns).

KittyFluff the Cudgeller (Gargoyle Berserker)       Turns: 1790, Time: 00:04:09

Health: -5/36      AC:  5    Str: 20    XL:     3   Next: 87%
Magic:  3/3        EV: 12    Int:  7    God:    Trog [*.....]
Gold:   39         SH:  0    Dex: 11    Spells: 2/2 levels left

rFire   . . .      SeeInvis .   a - +0 mace
rCold   . . .      Faith    .   (no shield)
rNeg    + . .      Spirit   .   b - +0 animal skin
rPois   ∞          Reflect  .   (no helmet)
rElec   +          Harm     .   (no cloak)
rCorr   .          Rampage  .   (no gloves)
Will    .....                   (no boots)
Stlth   ..........              (no amulet)
HPRegen 0.12/turn               (no ring)
MPRegen 0.08/turn               (no ring)

@: berserking, very quick
A: sickness immunity, AC +3, negative energy resistance 1, electricity
resistance, torment resistance 1, petrification resistance
a: Renounce Religion, Berserk


You were on level 2 of the Dungeon.
You worshipped Trog.
Trog was aware of your devotion.
You visited 1 branch of the dungeon, and saw 2 of its levels.

You collected 39 gold pieces.

Inventory:

Hand Weapons
 a - a +0 mace (weapon)
Missiles
 f - 13 stones (quivered)
Armour
 b - a +0 animal skin (worn)
Jewellery
 d - a ring of magical power
Scrolls
 e - a scroll of amnesia {unknown}
 h - a scroll of blinking {unknown}
Potions
 c - a potion of degeneration {unknown}
 g - a potion of flight {unknown}


   Skills:
 + Level 3.7 Fighting
 + Level 3.9 Maces & Flails
 * Level 2.8 Armour
 + Level 1.7 Dodging


You had 2 spell levels left.
You didn't know any spells.
Your spell library was empty.

Dungeon Overview and Level Annotations

Branches:
Dungeon (2/15)

Altars:

Annotations:
D:2 Jessica


Innate Abilities, Weirdness & Mutations

You are immune to sickness and miasma.
Your stone body is resilient. (AC +3)
You are immune to poison.
You resist negative energy. (rN+)
You are resistant to electric shocks. (rElec)
You are resistant to unholy torment.
You are immune to petrification.


Message History

Jessica mumbles some strange words.
Jessica blinks!
Jessica closely misses you.
You closely miss Jessica. Jessica hits you with a +0 dagger.
Jessica gestures wildly while chanting.
Jessica blinks!
Jessica mumbles some strange words.
Jessica blinks!
You hear a zap.
You hear a grinding noise.
Jessica hits you with a +0 dagger. Jessica barely misses you.
You hit Jessica but do no damage. Jessica hits you with a +0 dagger. x2
You hit Jessica.
Jessica is lightly wounded.
Jessica hits you with a +0 dagger.
You thump Jessica!
Jessica is almost dead.
Jessica gestures at you while chanting. Pain shoots through your body!
* * * LOW HITPOINT WARNING * * *
Jessica casts a spell at you. You resist with some effort.
A red film seems to cover your vision as you go berserk!
You feel yourself moving faster!
You feel mighty! Jessica gestures at you while chanting.
Pain shoots through your body!
* * * LOW HITPOINT WARNING * * *
Jessica drinks a potion.
Jessica is healed!
You barely miss Jessica.
Jessica is lightly wounded.
Jessica points at you and mumbles some strange words.
Pain shoots through your body!
* * * LOW HITPOINT WARNING * * *
You closely miss Jessica.
Jessica is lightly wounded.
Jessica hits you but does no damage.
You barely miss Jessica.
Jessica is lightly wounded.
Jessica points at you and mumbles some strange words.
Pain shoots through your body!
You die...

##.## #.# #.# #.#
#.# #######.#### #
....<......# .#
##########.# #.#
#.# ##@.# #
#.###@#.##.#
###.##.#.....#
#####.........####
..................
#######...........
#.########### ##


You could see Jessica (fast).

Vanquished Creatures
  A gnoll (D:1)
  An adder (D:2)
  A worm (D:2)
  A dart slug (D:1)
  A bat (D:1)
  2 endoplasms (D:1)
  A giant cockroach (D:2)
  2 goblins (D:1)
  5 hobgoblins (D:1)
  4 jackals (D:1)
  A quokka (D:1)
  2 ball pythons
  2 frilled lizards (D:1)
  2 kobolds (D:1)
  A rat (D:1)
27 creatures vanquished.

Vanquished Creatures (others)
  13 plants (D:1)
13 creatures vanquished.

Grand Total: 40 creatures vanquished

Notes
Turn   | Place    | Note
-------+----------+-------------------------------------------
     0 | D:1      | KittyFluff the Gargoyle Berserker began the quest for the
                  | Orb.
     0 | D:1      | Reached XP level 1. HP: 14/14 MP: 1/1
   102 | D:1      | Reached XP level 2. HP: 8/19 MP: 2/2
   734 | D:1      | Reached XP level 3. HP: 4/24 MP: 3/3
  1051 | D:1      | Found a faded altar of an unknown god.
  1769 | D:2      | Noticed Jessica
  1788 | D:2      | HP: 1/36 [Jessica/nerve-wracking pain (3)]
  1790 | D:2      | Killed from afar by Jessica

Illustrated notes

Levels and vault maps discovered:
D:1:      roderic_crop_circles_arrival_small, layout_basic,
          hellmonk_ecumenical_altar_crossroads
D:2:      layout_loops_ring, hangedman_decor_lopped, uniq_jessica

Action                   || total
-------------------------++-------
Melee: Mace              ||    97
       Punch             ||     1
Invok: Berserk           ||     4
Armor: Animal skin       ||    37
Dodge: Dodged            ||    63
